MLB
JACKSONVILLE BOMBERS @ LOS ANGELES (N) DODGERS
06/10/2042
 
TOP OF THE 1ST
Jacksonville Bombers batting - Pitching for Los Angeles (N) Dodgers : LHP Ken McDonald
Pitching: LHP Ken McDonald
Batting: RHB Jim Brown 0-0: Bunted foul
0-1: Foul Ball, location: 5F
0-2: Ball
1-2: Strikes out looking
Batting: LHB Dave Minor 0-0: Called Strike
0-1: Fly out, F9 (Flyball, 9, EV 90.0 MPH)
Batting: LHB Yoshihito Abe 0-0: Ball
1-0: Called Strike
1-1: Foul Ball, location: 2F
1-2: Ball
2-2: Ball
3-2: Fly out, F9 (Flyball, 89XD, EV 105.0 MPH)
Top of the 1st over - 0 runs, 0 hits, 0 errors, 0 left on base; Jacksonville 0 - Los Angeles (N) 0
BOTTOM OF THE 1ST
Los Angeles (N) Dodgers batting - Pitching for Jacksonville Bombers : RHP Beau Snyder
Pitching: RHP Beau Snyder
Batting: LHB Sean Williams 0-0: Foul Ball, location: 9LDF
0-1: SINGLE (Line Drive, 78S, EV 88.1 MPH)
Batting: LHB António Moreno 0-0: Called Strike
0-1: SINGLE (Groundball, 4MD, EV 102.5 MPH)
Sean Williams to second
Runner from 2nd tries for 3rd, SAFE, throw by CF made at trailing runner, OUT! 8-6
Batting: SHB Gonzo Ganjahlez 0-0: Called Strike
0-1: Ball
1-1: Called Strike
1-2: Ball
2-2: Foul Ball, location: 7LDF
2-2: Ball
3-2: Base on Balls
Batting: RHB Luis Yagues 0-0: Ball
1-0: SINGLE (Groundball, 4S, EV 65.0 MPH) (infield hit)
Sean Williams scores
Gonzo Ganjahlez to second
Batting: RHB Abraão Vicente 0-0: Ball
1-0: Foul Ball, location: 2LF
1-1: Grounds into double play, 6-4-3 (Groundball, 56, EV 101.9 MPH)
Bottom of the 1st over - 1 run, 3 hits, 0 errors, 1 left on base; Jacksonville 0 - Los Angeles (N) 1
TOP OF THE 2ND
Jacksonville Bombers batting - Pitching for Los Angeles (N) Dodgers : LHP Ken McDonald
Batting: RHB Jeremie Gentileschi 0-0: Foul Ball, location: 2F
0-1: Ball
1-1: Ball
2-1: Ball
3-1: SINGLE (Line Drive, 8LS, EV 89.4 MPH)
Batting: RHB José Alonso 0-0: Fly out, F7 (Flyball, 7LS, EV 96.9 MPH)
Batting: SHB Kevin Tucker 0-0: Called Strike
0-1: Fly out, F7 (Flyball, 78M, EV 82.5 MPH)
Batting: LHB Héctor González 0-0: Called Strike
0-1: Called Strike
0-2: Ball
1-2: Foul Ball, location: 2F
1-2: Ball
2-2: Foul Ball, location: 3F
2-2: Ball
3-2: Foul Ball, location: 25F
3-2: Ground out 5-3 (Groundball, 56, EV 106.3 MPH)
Top of the 2nd over - 0 runs, 1 hit, 0 errors, 1 left on base; Jacksonville 0 - Los Angeles (N) 1
BOTTOM OF THE 2ND
Los Angeles (N) Dodgers batting - Pitching for Jacksonville Bombers : RHP Beau Snyder
Batting: RHB Ron Richardson 0-0: Ground out 1-3 (Groundball, 15, EV 70.0 MPH)
Batting: RHB José Costa 0-0: Ball
1-0: Ball
2-0: Called Strike
2-1: Swinging Strike
2-2: Foul Ball, location: 23F
2-2: Ball
3-2: Foul Ball, location: 2RF
3-2: Strikes out looking
Batting: RHB José Vázquez 0-0: Ball
1-0: Swinging Strike
1-1: Foul Ball, location: 2RF
1-2: Foul Ball, location: 2F
1-2: Foul Ball, location: 3SF
1-2: Ball
2-2: Ground out 3-1 (Groundball, 13, EV 79.4 MPH)
Bottom of the 2nd over - 0 runs, 0 hits, 0 errors, 0 left on base; Jacksonville 0 - Los Angeles (N) 1
TOP OF THE 3RD
Jacksonville Bombers batting - Pitching for Los Angeles (N) Dodgers : LHP Ken McDonald
Batting: RHB Pat Mayer 0-0: Ball
1-0: Called Strike
1-1: Hit by Pitch
Batting: LHB Juan Novoa 0-0: Ball
1-0: Bunted foul
1-1: Bunted foul
1-2: Ball
2-2: Ball
3-2: Foul Ball, location: 3SF
3-2: Foul Ball, location: 2F
3-2: DOUBLE (Line Drive, 7LM, EV 109.4 MPH)
Pat Mayer to third
Batting: RHB Jim Brown 0-0: Called Strike
0-1: Ground out 4-3 (Groundball, 34, EV 83.8 MPH)
Batting: LHB Dave Minor 0-0: Called Strike
0-1: Called Strike
0-2: Strikes out swinging
Batting: LHB Yoshihito Abe 0-0: Called Strike
0-1: Ball
1-1: DOUBLE (Line Drive, 9LS, EV 91.3 MPH)
Pat Mayer scores
Juan Novoa scores
Batting: RHB Jeremie Gentileschi 0-0: Ball
1-0: Ball
2-0: Called Strike
2-1: Ball
3-1: Ground out 6-3 (Groundball, 56, EV 106.9 MPH)
Top of the 3rd over - 2 runs, 2 hits, 0 errors, 1 left on base; Jacksonville 2 - Los Angeles (N) 1
BOTTOM OF THE 3RD
Los Angeles (N) Dodgers batting - Pitching for Jacksonville Bombers : RHP Beau Snyder
Batting: RHB T.J. Greenham 0-0: Ball
1-0: SINGLE (Line Drive, 8LS, EV 90.6 MPH)
Batting: LHB Sean Williams 0-0: Ball
1-0: Swinging Strike
1-1: Ball
2-1: Ball
3-1: Fielders Choice at 2nd, 6-4 (Groundball, 56, EV 83.8 MPH)
Batting: LHB António Moreno 0-0: Ball
1-0: Swinging Strike
1-1: Foul Ball, location: 3F
1-2: Foul Ball, location: 2F
1-2: Strikes out looking
Batting: SHB Gonzo Ganjahlez 0-0: Called Strike
0-1: Foul Ball, location: 2F
0-2: Ball
Sean Williams steals 2nd base
1-2: SINGLE (Line Drive, 7LS, EV 94.4 MPH)
Sean Williams to third
Batting: RHB Luis Yagues 0-0: Ball
1-0: Swinging Strike
1-1: Ball
2-1: SINGLE (Line Drive, 78M, EV 96.9 MPH)
Sean Williams scores
Gonzo Ganjahlez to second
Batting: RHB Abraão Vicente 0-0: Swinging Strike
0-1: Ball
1-1: Foul Ball, location: 2F
1-2: Ball
2-2: Foul Ball, location: 9LSF
2-2: Fly out, F4 (Popup, 4M, EV 53.1 MPH)
Bottom of the 3rd over - 1 run, 3 hits, 0 errors, 2 left on base; Jacksonville 2 - Los Angeles (N) 2
TOP OF THE 4TH
Jacksonville Bombers batting - Pitching for Los Angeles (N) Dodgers : LHP Ken McDonald
Batting: RHB José Alonso 0-0: Ball
1-0: Ball
2-0: Ball
3-0: Called Strike
3-1: Swinging Strike
3-2: Foul Ball, location: 2F
3-2: Strikes out swinging
Batting: SHB Kevin Tucker 0-0: Ball
1-0: Fly out, F6 (Popup, 56D, EV 55.0 MPH)
Batting: LHB Héctor González 0-0: Called Strike
0-1: Foul Ball, location: 7LSF
0-2: Ball
1-2: Ground out U3 (Groundball, 34S, EV 87.5 MPH)
Top of the 4th over - 0 runs, 0 hits, 0 errors, 0 left on base; Jacksonville 2 - Los Angeles (N) 2
BOTTOM OF THE 4TH
Los Angeles (N) Dodgers batting - Pitching for Jacksonville Bombers : RHP Beau Snyder
Batting: RHB Ron Richardson 0-0: Foul Ball, location: 2F
0-1: Foul Ball, location: 2F
0-2: Ball
1-2: SINGLE (Flyball, 7LS, EV 85.6 MPH)
Batting: RHB José Costa 0-0: Ball
1-0: Foul Ball, location: 9LMF
1-1: Called Strike
1-2: Ball
2-2: Ball
3-2: Base on Balls
Ron Richardson to second
Batting: RHB José Vázquez 0-0: Ball
1-0: Called Strike
1-1: Ball
2-1: Grounds into double play, 4-6-3 (Groundball, 34, EV 101.9 MPH)
Ron Richardson to third
Batting: RHB T.J. Greenham 0-0: Ball
1-0: SINGLE (Groundball, 6MS, EV 92.5 MPH) (infield hit)
Ron Richardson scores
Batting: LHB Sean Williams 0-0: Called Strike
0-1: Ball
1-1: Swinging Strike
1-2: Strikes out swinging
Bottom of the 4th over - 1 run, 2 hits, 0 errors, 1 left on base; Jacksonville 2 - Los Angeles (N) 3
TOP OF THE 5TH
Jacksonville Bombers batting - Pitching for Los Angeles (N) Dodgers : LHP Ken McDonald
Batting: RHB Pat Mayer 0-0: Ball
1-0: Called Strike
1-1: Swinging Strike
1-2: Ball
2-2: Strikes out swinging
Batting: LHB Juan Novoa 0-0: Called Strike
0-1: Called Strike
0-2: Ground out 6-3 (Groundball, 6, EV 78.8 MPH)
Batting: RHB Jim Brown 0-0: Called Strike
0-1: Swinging Strike
0-2: Ball
1-2: Fly out, F4 (Popup, 13, EV 85.6 MPH)
Top of the 5th over - 0 runs, 0 hits, 0 errors, 0 left on base; Jacksonville 2 - Los Angeles (N) 3
BOTTOM OF THE 5TH
Los Angeles (N) Dodgers batting - Pitching for Jacksonville Bombers : RHP Beau Snyder
Batting: LHB António Moreno 0-0: Ball
1-0: Foul Ball, location: 3F
1-1: Ball
2-1: Foul Ball, location: 3F
2-2: Ball
3-2: Foul Ball, location: 7LSF
3-2: Base on Balls
Batting: SHB Gonzo Ganjahlez 0-0: Ball
1-0: Foul Ball, location: 7LSF
1-1: Called Strike
1-2: Ball
2-2: Ball
3-2: SINGLE (Groundball, 6MS, EV 63.8 MPH) (infield hit)
António Moreno to second
Batting: RHB Luis Yagues 0-0: Called Strike
0-1: Swinging Strike
0-2: Foul Ball, location: 23F
0-2: Foul Ball, location: 2F
0-2: Ball
1-2: Ball
2-2: Foul Ball, location: 2F
2-2: Strikes out swinging
Batting: RHB Abraão Vicente 0-0: Ball
António Moreno is caught stealing 3rd base 2-5
Gonzo Ganjahlez to second
1-0: Ball
2-0: Ball
3-0: Base on Balls
Batting: RHB Ron Richardson 0-0: Foul Ball, location: 9LSF
0-1: Swinging Strike
0-2: Strikes out swinging
Bottom of the 5th over - 0 runs, 1 hit, 0 errors, 2 left on base; Jacksonville 2 - Los Angeles (N) 3
TOP OF THE 6TH
Jacksonville Bombers batting - Pitching for Los Angeles (N) Dodgers : LHP Ken McDonald
Batting: LHB Dave Minor 0-0: Swinging Strike
0-1: Ball
1-1: Ball
2-1: Ground out 6-3 (Groundball, 6S, EV 87.5 MPH)
Batting: LHB Yoshihito Abe 0-0: Ball
1-0: Foul Ball, location: 2F
1-1: Foul Ball, location: 2F
1-2: Strikes out swinging
Batting: RHB Jeremie Gentileschi 0-0: Called Strike
0-1: Ball
1-1: Ball
2-1: Ball
3-1: Base on Balls
Batting: RHB José Alonso 0-0: Ball
1-0: Swinging Strike
1-1: Called Strike
1-2: Strikes out swinging
Top of the 6th over - 0 runs, 0 hits, 0 errors, 1 left on base; Jacksonville 2 - Los Angeles (N) 3
BOTTOM OF THE 6TH
Los Angeles (N) Dodgers batting - Pitching for Jacksonville Bombers : RHP Beau Snyder
Batting: RHB José Costa 0-0: Called Strike
0-1: Ball
1-1: Foul Ball, location: 9LDF
1-2: Ball
2-2: Ground out 4-3 (Groundball, 4, EV 91.9 MPH)
Batting: RHB José Vázquez 0-0: Called Strike
0-1: Called Strike
0-2: Ball
1-2: Ball
2-2: Foul Ball, location: 2F
2-2: Fly out, F8 (Flyball, 78XD, EV 88.1 MPH)
Batting: RHB T.J. Greenham 0-0: DOUBLE (Groundball, 3L, EV 98.1 MPH)
Batting: LHB Sean Williams 0-0: Ground out 4-3 (Groundball, 4, EV 98.8 MPH)
Bottom of the 6th over - 0 runs, 1 hit, 0 errors, 1 left on base; Jacksonville 2 - Los Angeles (N) 3
TOP OF THE 7TH
Jacksonville Bombers batting - Pitching for Los Angeles (N) Dodgers : LHP Ken McDonald
Batting: SHB Kevin Tucker 0-0: Foul Ball, location: 9LMF
0-1: Foul Ball, location: 7LMF
0-2: Ball
1-2: Ball
2-2: Ball
3-2: Strikes out swinging
Batting: LHB Héctor González 0-0: Ball
1-0: Called Strike
1-1: Ball
2-1: Foul Ball, location: 9LDF
2-2: Strikes out swinging
Batting: RHB Pat Mayer 0-0: Foul Ball, location: 9LDF
0-1: Ground out 5-3 (Groundball, 5, EV 110.0 MPH)
Top of the 7th over - 0 runs, 0 hits, 0 errors, 0 left on base; Jacksonville 2 - Los Angeles (N) 3
BOTTOM OF THE 7TH
Los Angeles (N) Dodgers batting - Pitching for Jacksonville Bombers : RHP Beau Snyder
Batting: LHB António Moreno 0-0: Ball
1-0: Ground out 3-1 (Groundball, 34, EV 86.3 MPH)
Batting: SHB Gonzo Ganjahlez 0-0: Ball
1-0: Ball
2-0: Ground out 4-3 (Groundball, 4, EV 101.3 MPH)
Batting: RHB Luis Yagues 0-0: Ball
1-0: Fly out, F8 (Line Drive, 89D, EV 96.3 MPH)
Bottom of the 7th over - 0 runs, 0 hits, 0 errors, 0 left on base; Jacksonville 2 - Los Angeles (N) 3
TOP OF THE 8TH
Jacksonville Bombers batting - Pitching for Los Angeles (N) Dodgers : LHP Ken McDonald
Pitching: RHP Ánibal Arellano
Now in RF: Chris Ford
Batting: LHB Juan Novoa 0-0: Called Strike
0-1: Ball
1-1: Fly out, F9 (Flyball, 9, EV 95.0 MPH)
Batting: RHB Jim Brown 0-0: Foul Ball, location: 2F
0-1: Ball
1-1: Called Strike
1-2: Foul Ball, location: 3F
1-2: Ball
2-2: Ball
3-2: Strikes out swinging, 2-3 out at first.
Batting: LHB Dave Minor 0-0: Foul Ball, location: 2LF
0-1: Ground out 4-3 (Groundball, 4, EV 80.6 MPH)
Top of the 8th over - 0 runs, 0 hits, 0 errors, 0 left on base; Jacksonville 2 - Los Angeles (N) 3
BOTTOM OF THE 8TH
Los Angeles (N) Dodgers batting - Pitching for Jacksonville Bombers : RHP Beau Snyder
Batting: RHB Abraão Vicente 0-0: Swinging Strike
0-1: Swinging Strike
0-2: Ball
1-2: Strikes out swinging
Pitching: RHP António Valdéz
Batting: RHB Ron Richardson 0-0: Ball
1-0: Ball
2-0: SOLO HOME RUN (Flyball, 7D, EV 98.1 MPH), Distance : 375 ft
Batting: RHB José Costa 0-0: Swinging Strike
0-1: Ball
1-1: Ball
2-1: SINGLE (Line Drive, 6MD, EV 101.9 MPH)
Batting: RHB José Vázquez 0-0: Foul Ball, location: 25FF
0-1: Ball
1-1: Ball
2-1: Foul Ball, location: 9LSF
2-2: Strikes out swinging
Batting: RHB T.J. Greenham 0-0: Ball
José Costa is caught stealing 2nd base 2-4
Bottom of the 8th over - 1 run, 2 hits, 0 errors, 0 left on base; Jacksonville 2 - Los Angeles (N) 4
TOP OF THE 9TH
Jacksonville Bombers batting - Pitching for Los Angeles (N) Dodgers : RHP Ánibal Arellano
Pitching: RHP Jeff Clark
Batting: LHB Yoshihito Abe 0-0: Called Strike
0-1: Foul Ball, location: 2F
0-2: Ball
1-2: SINGLE (Line Drive, 89S, EV 92.5 MPH)
Batting: RHB Jeremie Gentileschi 0-0: Ball
1-0: Ball
2-0: Fly out, F7 (Flyball, 78S, EV 81.9 MPH)
Batting: RHB José Alonso 0-0: Ball
1-0: Swinging Strike
1-1: Ball
2-1: Swinging Strike
2-2: Strikes out swinging
Batting: SHB Kevin Tucker 0-0: Foul Ball, location: 2F
0-1: Called Strike
0-2: Ball
1-2: Foul Ball, location: 2F
1-2: Ball
2-2: Fly out, F7 (Flyball, 78M, EV 74.4 MPH)
Top of the 9th over - 0 runs, 1 hit, 0 errors, 1 left on base; Jacksonville 2 - Los Angeles (N) 4
Friday, May 3rd , 2024 - OOTP Baseball 24.10 Build 82